[Event "Baku Open 2024"]
[Site "Baku"]
[Date "2024.06.29"]
[Round "1.1"]
[White "Suleimen, Ergali"]
[Black "Narayanan S L"]
[Result "1-0"]
[ECO "B42"]
[WhiteElo "2254"]
[BlackElo "2668"]
[Annotator "TA"]
[PlyCount "71"]
[EventDate "2024.06.29"]
[EventType "swiss"]
[EventCountry "AZE"]
[SourceTitle "playchess.com"]
[Source "ChessBase"]
[SourceQuality "1"]
[TimeControl "5400+30"]

1. e4 c5 2. Nf3 e6 3. d4 cxd4 4. Nxd4 a6 5. Bd3 Bc5 6. Nb3 Ba7 7. Qe2 Nc6 8. Be3 Nge7 9. Nc3 O-O 10. O-O-O b5 11. Bxa7 Rxa7 {[%emt 0:00:12] White is slightly better.} 12. h4 Ng6 (12... b4 $11 {remains equal.} 13. Na4 Qc7) 13. Qe3 $16 Nge5 14. f4 Nxd3+ 15. Rxd3 b4 16. Na4 a5 17. Rd6 {[%emt 0:06:17] Black must now prevent Rxc6.} Qe7 (17... Qc7 $142 18. Rhd1 f6) 18. Rhd1 Rc7 19. g3 e5 20. f5 {[%emt 0:04:59] White is much more active.} Nd4 {[%emt 0:12:53] [#]} 21. Nxd4 Qxd6 22. Nb5 Qc6 23. Nxc7 Qxc7 {[%emt 0:00:04] [#]} 24. f6 Qc6 (24... gxf6 $16 25. Nb6 Kg7) 25. fxg7 $18 Re8 26. Nb6 $36 {[%emt 0:01:41][%cal Ba4b6,Bb6d5,Bd5e7,Be7f5][%mdl 2080] Black is under strong pressure.} Kxg7 27. Rf1 {[%emt 0:06:47][%cal Bd1f1,Bf1f2,Bf2d2,Bd2d6][%mdl 32] Hoping for Nd5.} Ba6 28. Rf2 h6 $2 {[%emt 0:02:52][%mdl 8192] Black cannot hold the game after this.} (28... Bc4 $16) 29. Nd5 {[%emt 0:02:13] And now Rf6 would win.} Rh8 (29... f5 $142 30. Rxf5 Rf8) 30. Qf3 Qg6 (30... Qe6 $142 31. Nc7 Qg6) 31. Ne7 Qe6 32. Nf5+ Kh7 33. Rd2 Qb6 34. b3 {[%emt 0:03:04][%cal Od2d6] Intending Rd6! and mate.} Rc8 35. Rd6 ({Not} 35. Rxd7 Rxc2+ 36. Kb1 Re2 $11) 35... Rc6 {[%emt 0:01:29] [#]} 36. Qg4 $1 {[%emt 0:00:33] Weighted Error Value: White=0.32/Black=0.61.  Loses game:     	---       	Black=1      Mistake:       	White=1     	Black=5      Inaccurate:     	White=2     	---        OK:         	White=7     	Black=11     Best:        	White=3     	---} 1-0

[Event "Baku Open 2024"]
[Site "Baku"]
[Date "2024.06.29"]
[Round "1.2"]
[White "Mamedov, Rauf"]
[Black "Avinash Ramesh"]
[Result "1-0"]
[ECO "A30"]
[WhiteElo "2651"]
[BlackElo "2252"]
[Annotator "TA"]
[PlyCount "83"]
[EventDate "2024.06.29"]
[EventType "swiss"]
[EventCountry "AZE"]
[SourceTitle "playchess.com"]
[Source "ChessBase"]
[SourceQuality "1"]
[TimeControl "5400+30"]

1. Nf3 Nf6 2. g3 g6 3. b3 b6 4. Bb2 Bg7 5. Bg2 Bb7 6. c4 c5 7. O-O O-O 8. d4 d5 9. dxc5 dxc4 10. bxc4 bxc5 {[%emt 0:07:18] The position is equal.} 11. Qc1 Nbd7 12. Rd1 Qc7 13. Nc3 Rad8 14. Rb1 Qc8 15. Bh3 Bxf3 (15... e6 {is more complex.} 16. Nb5 Nb6 17. Nd6 Qc7) 16. exf3 e6 17. f4 {[%emt 0:02:45] Inhibits Ne5.} Nb6 18. Bf1 h5 (18... Rxd1 $1 $11 19. Nxd1 Rd8) 19. a4 (19. Re1 $14) 19... Nbd7 (19... Rxd1 $11 20. Qxd1 Rd8) 20. Bg2 (20. Nb5 $16) 20... Nb6 21. Bf1 Nbd7 22. Bg2 Nb6 23. Rxd8 $1 Rxd8 24. Nb5 {[%emt 0:00:06] Strongly threatening a5.} Qd7 ({Better is} 24... Nxa4 $14 25. Be5 Qd7) 25. a5 $36 {[%emt 0:01:21][%mdl 2048] Keeping Black busy.} Nc8 26. Be5 {[%emt 0:01:37] This pair of bishops is nice.} Ne8 {[%emt 0:01:14] Prevents Bc7.} 27. a6 {[%emt 0:03:21] White is much more active.} (27. Qe3 $142) 27... Bxe5 28. fxe5 Nc7 {[%emt 0:00:33] [#]} 29. Nc3 $1 Nb6 {[%emt 0:00:33][%cal Od7d3] [#]} 30. Ne4 (30. Qa3 $1 $16) 30... Ne8 $2 {[%emt 0:00:16][%mdl 8192] Loses the game.} (30... Qd4 $14) 31. Qh6 $18 {[%emt 0:00:45] Intending Nf6+ and mate.} ({Less strong is} 31. Nxc5 Qd4 $18) 31... Qd4 32. Ng5 {[%emt 0:00:06] White wants to mate with Qh7+.} Rd7 33. Bc6 Qd3 34. Bxd7 (34. Qh7+ $142 Kf8 35. Rxb6 axb6 36. a7 h4 37. a8=Q (37. a8=B Qd4 $18) 37... Qd1+ 38. Kg2 h3+ 39. Kxh3) 34... Qxb1+ 35. Kg2 {[%emt 0:00:02] White mates.} Ng7 {[%emt 0:00:11] [#]} 36. Bxe6 $1 fxe6 (36... Nd7 37. Bxf7+) 37. Qh7+ Kf8 38. Qh8+ Ke7 39. Qxg7+ Kd8 40. Qf8+ Kd7 41. Qf7+ Kc8 42. Qe8+ {[%emt 0:00:05] Weighted Error Value: White=0.18 (very precise) /Black=0.46.  Loses game:     	---       	Black=1      Mistake:       	White=4     	Black=3      Inaccurate:     	White=1     	Black=2      OK:         	White=4     	Black=8      Best:        	White=3     	Black=3      Strong:       	White=2     	---} 1-0

[Event "Baku Open 2024"]
[Site "Baku"]
[Date "2024.06.29"]
[Round "1.3"]
[White "Nurgali, Nazerke"]
[Black "Pranav Vijay"]
[Result "1/2-1/2"]
[ECO "E18"]
[WhiteElo "2252"]
[BlackElo "2252"]
[Annotator "RC"]
[PlyCount "107"]
[EventDate "2024.06.29"]
[EventType "swiss"]
[EventCountry "AZE"]
[SourceTitle "playchess.com"]
[Source "ChessBase"]
[SourceQuality "1"]
[TimeControl "5400+30"]

1. d4 Nf6 2. c4 e6 3. Nf3 b6 4. g3 Bb7 5. Bg2 Be7 6. Nc3 O-O 7. O-O a5 8. Qc2 Bb4 9. Rd1 h6 10. Bd2 d6 11. Nh4 Bxg2 12. Nxg2 Nc6 13. Nb5 Bxd2 14. Qxd2 e5 15. dxe5 Nxe5 16. Qc2 Qd7 17. Nd4 Rfe8 18. Nf4 a4 19. b4 Nc6 20. a3 Re4 21. Nxc6 Qxc6 22. Rac1 Rae8 23. e3 Nh7 24. Nd5 Ng5 25. h4 Nh7 26. Qc3 Nf8 27. Rd4 R4e5 28. Rg4 Ng6 29. Qc2 Qd7 30. Qd1 h5 31. Rd4 Nf8 32. Nf4 Qf5 33. Qc2 Qxc2 34. Rxc2 Ne6 35. Rd5 g6 36. Rxe5 dxe5 37. Nxe6 Rxe6 38. Kf1 Kf8 39. Ke2 Ke7 40. c5 Rc6 41. Kd3 b5 42. Rd2 Re6 43. e4 f5 44. Ke3 c6 45. Rd1 Rf6 46. exf5 gxf5 47. Rd2 Rg6 48. Kf3 Re6 49. Ke3 Rf6 50. Kf3 Ke8 51. Ke3 Ke7 52. Kf3 Rf8 53. Rd6 Rf6 54. Rd2 1/2-1/2

[Event "Baku Open 2024"]
[Site "Baku"]
[Date "2024.06.29"]
[Round "1.4"]
[White "Puranik, Abhimanyu"]
[Black "Bayramov, Zaur"]
[Result "1-0"]
[ECO "C41"]
[WhiteElo "2632"]
[BlackElo "2249"]
[Annotator "TA"]
[PlyCount "51"]
[EventDate "2024.06.29"]
[EventType "swiss"]
[EventCountry "AZE"]
[SourceTitle "playchess.com"]
[Source "ChessBase"]
[SourceQuality "1"]
[TimeControl "5400+30"]

1. e4 d6 2. d4 Nf6 3. Nc3 e5 4. Nf3 Nbd7 5. Bc4 Be7 6. O-O O-O 7. a4 a5 8. Re1 c6 9. h3 Qc7 10. Ba2 Nb8 11. Re3 Na6 12. Ne2 Nb4 (12... d5 $11) 13. Bb3 exd4 14. Nfxd4 Na6 15. Ng3 g6 16. Re1 Nc5 17. Bc4 Kg7 (17... Be6 $11 {keeps the balance.} 18. Bxe6 fxe6) 18. Bf4 $16 {[%emt 0:01:11] White has more active pieces.} Rd8 $2 {[%emt 0:12:30] [#] This costs Black the game.} (18... Ne8 $16 {was necessary.}) 19. Qf3 {[%emt 0:03:33] Strongly threatening e5.} Ne6 20. e5 Nxd4 21. exf6+ Kg8 $2 (21... Bxf6 $2 {too greedy.} 22. Bh6+ Kxh6 23. Qxf6 $18) (21... Kh8 {is tougher.} 22. Qd1 Bxf6) 22. Rxe7 $18 Nxf3+ 23. gxf3 Bd7 24. Bxf7+ {[%emt 0:00:24] This pair of bishops is nice.} Kh8 25. Bh6 Rg8 26. Be6 {[%emt 0:01:03] Weighted Error Value: White=0.13 (very precise) /Black=0.92.  Loses game:     	---       	Black=1      Mistake:       	---       	Black=3      Inaccurate:     	White=3     	Black=2      OK:         	White=1     	Black=8      Best:        	White=3     	---} (26. Bxg8 $142 Kxg8 27. f7+ Kh8 28. Rae1 (28. f8=R+ Rxf8 29. Bxf8 Qd8 $18) (28. f8=N Qd8 $18)) 1-0

[Event "Baku Open 2024"]
[Site "Baku"]
[Date "2024.06.29"]
[Round "1.5"]
[White "Davudov, Tunar"]
[Black "Suleymanli, Aydin"]
[Result "0-1"]
[ECO "E05"]
[WhiteElo "2249"]
[BlackElo "2626"]
[Annotator "TA"]
[PlyCount "92"]
[EventDate "2024.06.29"]
[EventType "swiss"]
[EventCountry "AZE"]
[SourceTitle "playchess.com"]
[Source "ChessBase"]
[SourceQuality "1"]
[TimeControl "5400+30"]

1. d4 Nf6 2. c4 e6 3. Nf3 d5 4. g3 Be7 5. Bg2 O-O 6. O-O dxc4 7. Qc2 a6 8. a4 Nc6 9. Qxc4 Na5 10. Qc2 b6 11. Ne5 Nd5 {[%emt 0:01:37] The position is equal.} 12. Bd2 Bb7 $1 13. Bxa5 bxa5 14. Nc6 {[%emt 0:01:54] Against Nb4} Bxc6 15. Qxc6 Rb8 16. Nc3 Nb4 17. Qe4 {[%emt 0:01:29] Black is weak on the light squares} c6 18. Rfd1 Qb6 19. Rd2 Rfc8 20. Qg4 Nd5 21. e4 Nf6 22. Qe2 Bb4 23. Qc4 Nd7 24. e5 Qa7 25. Be4 (25. Bxc6 $2 Nb6 26. Qe2 Bxc3 (26... Rxc6 $2 27. d5 $19) 27. bxc3 Rxc6 $19) 25... g6 26. h4 c5 27. d5 Nxe5 28. Qe2 Re8 29. d6 (29. dxe6 $11 {might be stronger.} Rxe6 30. Bd5) 29... c4 $36 {[%emt 0:00:00][%mdl 2048] Black has some pressure.} 30. Kg2 Red8 31. Rad1 Rb6 32. d7 Qc7 $17 (32... Nxd7 33. Qe3 Bc5 34. Qg5 $16 (34. Rxd7 Rxd7 35. Rxd7 Qxd7 $11)) 33. Qe3 Rd6 (33... Nxd7 $2 34. Rxd7 Rxd7 35. Rxd7 Qxd7 36. Qxb6 $18) 34. Rxd6 Bxd6 35. h5 Rxd7 (35... gxh5 $2 {is the wrong capture.} 36. Qg5+ Ng6 37. Rxd6 (37. Qxh5 Rxd7 38. Qe2 Rd8 $17) 37... Rxd7 38. Rxa6 $18) (35... Nxd7 36. hxg6 hxg6 37. Bxg6 $11) 36. hxg6 hxg6 37. f4 Bc5 38. Qe2 Rxd1 39. Nxd1 {[%emt 0:00:04] [#]} Nd3 {[%emt 0:00:00] And now ...Qd7 would win.} 40. b3 Qd7 {[%emt 0:00:00] Hoping for ...f5.} 41. bxc4 Nb4 42. Nb2 Qd4 43. Kf3 $2 {[%emt 0:00:29] [#]} (43. Nd1) 43... Na2 (43... f5 $142 {[%cal Od4g1] ( -> ...Qg1!)} 44. Ba8 e5) 44. Nd1 (44. Nd3 $142 Nc3 (44... Qxc4 $2 {too greedy.} 45. Nxc5 Qxc5 46. Qxa2 $18) 45. Qe1 Qxc4 (45... Nxa4 $2 46. Bxg6 Nb6 47. Nxc5 $19) 46. Ne5) 44... Nc1 $19 {[%emt 0:00:00] Black is clearly winning.} 45. Qf1 Nb3 46. Qe2 Nd2+ {[%emt 0:00:00] Weighted Error Value: White=0.57/Black=0.22 (precise) .  Mistake:       	White=4     	Black=1      Inaccurate:     	White=5     	Black=2      OK:         	White=12    	Black=14     Best:        	White=3     	Black=1      Strong:       	---       	Black=1} 0-1

[Event "Baku Open 2024"]
[Site "Baku"]
[Date "2024.06.29"]
[Round "1.6"]
[White "Abasov, Nijat"]
[Black "Tregubenko, Nikolay"]
[Result "1-0"]
[ECO "B51"]
[WhiteElo "2621"]
[BlackElo "2246"]
[Annotator "TA"]
[PlyCount "107"]
[EventDate "2024.06.29"]
[EventType "swiss"]
[EventCountry "AZE"]
[SourceTitle "playchess.com"]
[Source "ChessBase"]
[SourceQuality "1"]
[TimeControl "5400+30"]

1. e4 c5 2. Nf3 d6 3. Bb5+ Nd7 4. c4 Ngf6 5. Nc3 g6 6. h3 {[%emt 0:00:30] B51: Sicilian: Moscow Variation (3 Bb5+) without 3...Bd7.} Bg7 7. d3 O-O 8. Ba4 Nb6 9. Bb3 Nfd7 10. Be3 Nb8 11. d4 cxd4 12. Nxd4 Nc6 $146 ({Predecessor:} 12... Bd7 13. Nd5 Nxd5 14. exd5 a5 15. Ba4 Na6 16. O-O Nc5 17. Bxd7 Qxd7 18. Qd2 Rfe8 {1-0 Sokolovsky,Y (2414)-Pasztor,B (2344) EU-ch U16 30th 2022 (6)}) 13. O-O Bd7 14. Rc1 Rc8 15. Nxc6 Bxc6 16. Qe2 Nd7 17. Rfd1 (17. Bxa7 $2 b6 18. Bxb6 Qxb6 $19) 17... Qa5 18. Nd5 Bxd5 19. exd5 Nc5 20. Bd4 Rfe8 21. Bxg7 Kxg7 22. Rc3 Nxb3 23. axb3 a6 (23... b5 $11 {is superior.}) 24. Re3 $16 Rc7 25. Rd4 b5 26. Rde4 (26. Rh4 {seems wilder.} Rb7 27. Rg3 Rh8 28. Qd1) 26... Qb4 27. Kh2 (27. Rxe7 Rcxe7 28. Rxe7 Rxe7 29. Qxe7 bxc4 (29... Qxb3 30. Qxd6 Qxb2 31. c5 $14) 30. bxc4 Qxc4) 27... bxc4 28. bxc4 e5 29. dxe6 Rxe6 30. Rxe6 fxe6 31. b3 e5 32. h4 (32. Rxe5 $16 {Black must now prevent Re3.} Qxb3 33. Re7+ Rxe7 34. Qxe7+ Kg8 35. Qe6+ (35. Qxd6 Qxc4 36. g4 Kf7 $11) 35... Kg7 36. Qd7+ (36. Qxd6 Qxc4 37. Qe5+ Kf7 $11) 36... Kg8 37. Qc8+ (37. Qxd6 Qxc4 38. Qb8+ Kf7 $11) 37... Kf7 38. Qxa6) 32... Rf7 33. h5 Rf5 34. Rg3 Rf4 35. hxg6 Rh4+ 36. Kg1 hxg6 37. Rd3 Rd4 38. Rxd4 exd4 39. Qe7+ Kg8 40. Qe4 Kf7 41. Qd5+ Ke7 42. Qxd4 Qxb3 43. Qg7+ Kd8 44. Qxg6 Kc7 45. Qf7+ Kc8 (45... Kd8 $14) 46. Qe6+ $1 $16 Kc7 {[%emt 0:00:16] [#]} 47. g4 $1 a5 $2 {[%emt 0:00:31][%mdl 8192] [#]} (47... Qh3 $16 48. Qf5 Kc6) 48. g5 $1 $18 a4 49. g6 a3 50. g7 a2 51. Qf7+ (51. g8=R $2 a1=Q+ (51... a1=B 52. Qf7+ Kb6 53. Rb8+ Ka6 54. Ra8+ Kb6 55. Qa7+ Kc6 56. Rc8#) 52. Kh2 Qe5+ 53. Qxe5 dxe5 $19) 51... Kb6 52. g8=Q (52. g8=B $2 {loses.} Qd1+ (52... a1=B 53. c5+ Kxc5 54. Qc7+ Kb5 55. Bxb3 Bb2 56. Bc4+ Kb4 57. Bd5) (52... a1=Q+ $2 53. Kg2 $19) (52... a1=R+ $2 53. Kh2 $19) 53. Kh2 a1=Q $19 (53... a1=B 54. Qg6 $11)) 52... a1=Q+ 53. Kg2 Qac3 54. Qb8+ 1-0

[Event "Baku Open 2024"]
[Site "Baku"]
[Date "2024.06.29"]
[Round "1.7"]
[White "Valiyev, Shahin"]
[Black "Aditya Mittal"]
[Result "0-1"]
[ECO "B90"]
[WhiteElo "2244"]
[BlackElo "2595"]
[Annotator "TA"]
[PlyCount "90"]
[EventDate "2024.06.29"]
[EventType "swiss"]
[EventCountry "AZE"]
[SourceTitle "playchess.com"]
[Source "ChessBase"]
[SourceQuality "1"]
[TimeControl "5400+30"]

1. e4 c5 2. Nf3 d6 3. d4 cxd4 4. Nxd4 Nf6 5. Nc3 a6 6. Be3 e5 7. Nf3 Be7 8. Bc4 O-O 9. O-O Nc6 10. Re1 Be6 11. Nd5 b5 12. Nxf6+ {[%emt 0:29:32] The position is equal.} Bxf6 13. Bd5 Qc7 14. c3 Rab8 15. a4 b4 16. Rc1 {[%emt 0:07:08] Strongly threatening cxb4.} b3 (16... Qd7 $11 {is more appropriate.}) 17. Qd3 $14 Bxd5 18. exd5 (18. Qxd5 Na5 $11) 18... Ne7 19. Nd2 (19. Qxa6 Nxd5 20. Bg5 Bxg5 21. Nxg5 Nb6 $15) 19... Qa5 20. c4 {[%emt 0:11:00] Black must now prevent Ne4.} Ng6 (20... Qxa4 $142 21. Ne4 Qd7) 21. Ne4 $16 ({Don't take} 21. Nxb3 $6 Qxa4 22. Nd2 Rxb2 $14) 21... Be7 22. Bd2 (22. c5 $16 f5 23. Nxd6 Bxd6 24. cxd6 Qxa4 25. Rc7) 22... Qxa4 $14 23. Ra1 ({White should play} 23. c5 $1 $14) 23... Qd7 $15 24. c5 dxc5 25. d6 {[%emt 0:00:27] [#]} c4 26. Qxc4 (26. Qd5 Rb5) 26... Bxd6 27. Qd3 {[%emt 0:01:24][%cal Oa1a6] Rxa6! is the strong threat. Black continues to play with concentration.} Rfd8 28. Qxa6 Be7 {[%emt 0:00:44] ...f5 would now be deadly.} 29. Be3 (29. Ba5 $15 Rf8 30. Bc3) 29... Bb4 30. Rec1 Qd5 31. Qc4 Qxc4 32. Rxc4 f5 33. Ng5 {[%emt 0:00:50] [#]} Be7 $1 {[%emt 0:01:53] Threatens to win with ...f4.} 34. Nf3 (34. Kf1 $142) 34... Bf6 $19 35. Bg5 (35. Rb1 $142) 35... Bxg5 36. Nxg5 Rd2 37. Rb1 h6 38. Nf3 Rc2 39. Ra4 Rbc8 {[%emt 0:01:50] And now ...Rc1+ would win.} 40. g3 Re2 41. Ne1 e4 42. Kf1 Rd2 43. Rb4 {[%emt 0:00:07] [#]} Rcc2 $1 {[%emt 0:01:25][%mdl 512] Black is winning.} 44. Rxb3 Rxf2+ 45. Kg1 Rcd2 {[%emt 0:00:26] Weighted Error Value: White=0.26 (precise) /Black=0.11 (very precise) .  Mistake:       	White=5     	Black=2      Inaccurate:     	White=1     	Black=3      OK:         	White=11    	Black=17     Best:        	---       	Black=6} 0-1

[Event "Baku Open 2024"]
[Site "Baku"]
[Date "2024.06.29"]
[Round "1.8"]
[White "Muradli, Mahammad"]
[Black "Kairbekova, Amina"]
[Result "1-0"]
[ECO "E92"]
[WhiteElo "2575"]
[BlackElo "2244"]
[Annotator "TA"]
[PlyCount "81"]
[EventDate "2024.06.29"]
[EventType "swiss"]
[EventCountry "AZE"]
[SourceTitle "playchess.com"]
[Source "ChessBase"]
[SourceQuality "1"]
[TimeControl "5400+30"]

1. d4 Nf6 2. c4 g6 3. Nc3 Bg7 4. e4 d6 5. Nf3 O-O 6. Be2 e5 7. d5 a5 8. Be3 Ng4 9. Bg5 f6 10. Bh4 g5 11. Bg3 {[%emt 0:00:13] White is slightly better.} Nh6 12. Nd2 f5 13. exf5 Nxf5 14. O-O Nd7 15. Nde4 b6 16. Bg4 Nc5 17. h3 Bd7 18. b3 h6 19. Rb1 Nd4 20. Re1 Be8 21. Nxc5 bxc5 22. a4 (22. Bh5 $14) 22... Bg6 $11 23. Rc1 {[%emt 0:01:13] Inhibits Bc2.} Rb8 24. Nb5 $1 e4 25. Re3 (25. Bh5 $5 Bxh5 26. Qxh5 $16) 25... Rb7 26. Qd2 h5 27. Be6+ Kh8 28. Rce1 (28. Qxa5 $11 Qf6 29. Qe1) 28... Qf6 $15 29. Kh1 ({Better is} 29. Bh2 $15) 29... Bh6 (29... h4 $17 30. Bh2 Qxf2) 30. Qxa5 h4 31. Bh2 g4 (31... Nxe6 $15 32. dxe6 g4 33. Rxe4 Bxe4 (33... Qxf2 $2 34. R4e2 $18) 34. Rxe4 gxh3 (34... Qxf2 35. e7 $14)) 32. Bxg4 $1 $11 Bxe3 33. fxe3 Nxb3 34. Qa6 Rfb8 35. a5 {[%emt 0:00:40][%cal Og4c8] Bc8! is the strong threat.} Be8 $2 {[%emt 0:02:45] [#] This costs Black the game.} ({Don't go for} 35... Qf2 $2 36. Rg1 Nd2 37. Nxd6 (37. Bc8 Nf3 $16) 37... cxd6 38. Qxd6 $18) (35... Nd2 $11 {and Black stays safe.} 36. Bc8 (36. Qc6 $2 Be8 $19) 36... Bf5 (36... Rxc8 37. Qxb7 Bf5 38. Nxd6 $17) (36... Qf2 37. Rg1 $16) 37. Bxf5 (37. Bxb7 $2 Bxh3 $19) 37... Qxf5) 36. Nxc7 $1 $18 Rxc7 37. Qxd6 Qxd6 38. Bxd6 {[%emt 0:00:03] This pair of bishops is nice.} Rcc8 (38... Rbc8 39. Bxc7 (39. Bxc8 Rxc8 40. Be5+ Kg8 $14) 39... Rxc7) 39. Rb1 (39. Bxb8 Rxb8 40. Rb1 Kg7 $18) (39. Bxc8 Rxc8 40. Be5+ Kg8 $11) 39... Ba4 40. Bxb8 (40. Bxc8 Rxc8 41. a6 Ra8 $11) 40... Rxb8 {[%emt 0:00:10] [#]} 41. Bd1 $1 {[%emt 0:00:08] Weighted Error Value: White=0.17 (very precise) /Black=0.30.  Loses game:     	---       	Black=1      Mistake:       	White=3     	Black=3      Inaccurate:     	White=1     	Black=1      OK:         	White=9     	Black=14     Best:        	White=1     	Black=1      Strong:       	White=3     	---        Brilliant:      	White=1     	---} 1-0

[Event "Baku Open 2024"]
[Site "Baku"]
[Date "2024.06.29"]
[Round "1.9"]
[White "Davidov, Samir"]
[Black "Asadli, Vugar"]
[Result "1/2-1/2"]
[ECO "E71"]
[WhiteElo "2244"]
[BlackElo "2560"]
[Annotator "TA"]
[PlyCount "73"]
[EventDate "2024.06.29"]
[EventType "swiss"]
[EventCountry "AZE"]
[SourceTitle "playchess.com"]
[Source "ChessBase"]
[SourceQuality "1"]
[TimeControl "5400+30"]

1. d4 Nf6 2. c4 g6 3. Nc3 Bg7 4. e4 d6 5. h3 O-O 6. Be3 Na6 7. g4 e5 8. d5 Nc5 9. f3 a5 10. Qd2 a4 (10... c6 $1 $14) 11. Nge2 c6 12. Ng3 cxd5 13. cxd5 h5 14. Bg5 ({Better is} 14. Nb5 $16) 14... h4 15. Nge2 (15. Bxh4 Nfxe4 16. Bxd8 Nxd2 $11) 15... Bd7 {[%emt 0:07:13] [#] Dodges Nb5} 16. Nc1 $1 Rc8 17. Nd3 a3 18. Rc1 ({White should play} 18. Rb1 $16) 18... Qa5 (18... axb2 $11 {keeps the balance.} 19. Qxb2 Qa5) 19. b3 $16 b5 {[%emt 0:07:46] [#]} 20. Nxc5 $1 (20. Bxh4 Nxd5 (20... b4 21. Nd1 $11) 21. exd5 e4 22. Nxc5 (22. Nxe4 $2 Nxd3+ 23. Ke2 Nxc1+ $19) 22... e3 23. Qxe3 Rxc5 $17) 20... Rxc5 21. Nd1 Qxd2+ 22. Bxd2 Nh7 23. Rxc5 dxc5 24. Be3 Rc8 25. Rh2 Bf8 26. Rc2 f6 27. Kf2 Ng5 28. Kg2 Nf7 29. Bf2 c4 30. bxc4 (30. Bxh4 $2 cxb3 31. Rxc8 Bxc8 $19) 30... b4 $1 31. Rc1 {[%emt 0:00:09][%cal Oc4c5] Black must now prevent c5!} Ba4 $1 32. Be2 b3 33. axb3 Bxb3 34. c5 ({But not} 34. Bxh4 g5 35. Bf2 Bb4 $17) 34... Bxc5 35. Bxc5 (35. Rxc5 $2 {too greedy.} Rxc5 36. Bxc5 a2 $19) 35... a2 {[%emt 0:00:28] [#]} (35... Bxd1 $1 $11 36. Bxd1 a2) 36. Nc3 $1 $14 {[%emt 0:00:07] Threatens to win with Bb4.} a1=Q 37. Rxa1 {[%emt 0:10:16] Weighted Error Value: White=0.12 (very precise) /Black=0.13 (very precise) .  Mistake:       	White=2     	Black=3      Inaccurate:     	White=3     	---        OK:         	White=11    	Black=11     Best:        	White=1     	Black=2      Strong:       	White=3     	Black=2} 1/2-1/2

[Event "Baku Open 2024"]
[Site "Baku"]
[Date "2024.06.29"]
[Round "1.10"]
[White "Iskandarov, Misratdin"]
[Black "Orujov, Farid"]
[Result "1-0"]
[ECO "C47"]
[WhiteElo "2524"]
[BlackElo "2243"]
[Annotator "TA"]
[PlyCount "35"]
[EventDate "2024.06.29"]
[EventType "swiss"]
[EventCountry "AZE"]
[SourceTitle "playchess.com"]
[Source "ChessBase"]
[SourceQuality "1"]
[TimeControl "5400+30"]

1. e4 e5 2. Nc3 Nf6 3. g3 d5 4. exd5 Nxd5 5. Bg2 Nxc3 6. bxc3 Nc6 7. Nf3 Bc5 8. O-O O-O 9. d3 Bg4 10. Qe1 f6 11. h3 Be6 {[%emt 0:05:48] Black is slightly better.} 12. Be3 Bb6 13. Kh2 Re8 14. a4 Qd7 15. Nd2 f5 16. a5 Nxa5 17. Bd4 $2 {[%emt 0:42:52][%mdl 8192] [#]} Bc5 $4 18. Bxc5 {[%emt 0:00:00] Weighted Error Value: White=0.57/Black=0.55.  Loses game:     	White=1     	---        Missed win:     	---       	Black=1      Inaccurate:     	White=1     	---        OK:         	White=4     	Black=3} 1-0